AoeStats
← Wulture

Highland

505101202Analyzed
4v4 RM · 26d ago on Sep 7, 2026· 59m 2s· 8 players
Game mode
Random Map
Map size
Large (8 player)
Population
200
Speed
Normal
Resources
Standard
Victory
Conquest
Starting age
Dark Age
Ending age
Imperial Age
RankedLock teamsTeams togetherTeam positionsShared explorationLock speedFull tech treeHidden civsTurbo modeCheats
Victory
Defeat
🇩🇪 Burgundians · Germany
1155
+15
🇨🇳 Poles · China
1143
+16
🇸🇪 Vikings · Sweden
1125
+17
🇸🇪 Bohemians · Sweden
1124
+17
🇺🇸 Vikings · United States
1322
-23
🇺🇸 Italians · United States
1176
-18
🇵🇱 Magyars · Poland
1139
-16
🇺🇸 Vietnamese · United States
915
-8
Oture
4:55 Loom
12:14 Feudal Age
14:21 Double-Bit Axe
19:41 Castle Age
20:24 Fletching
21:11 Bodkin Arrow
21:33 Gold Mining
22:46 Padded Archer Armor
25:51 Horse Collar
29:35 Imperial Age
27:17 Stone Mining
27:37 Heavy Plow
31:22 Conscription
32:16 Bow Saw
34:57 Two-Man Saw
34:36 Scale Mail Armor
35:13 Forging
36:08 Chain Mail Armor
36:45 Caravan
38:15 Chieftains
39:06 Squires
40:30 Plate Mail Armor
40:35 Iron Casting
40:27 Arson
43:03 Iron Casting
44:11 Elite Berserk
47:00 Blast Furnace
52:08 Capped Ram
54:36 Siege Ram
55:48 Bracer
56:03 Leather Archer Armor
SchlosserJoe
3:05 Loom
10:36 Feudal Age
15:25 Castle Age
14:30 Horse Collar
14:40 Double-Bit Axe
14:37 Horse Collar
16:33 Bow Saw
19:16 Cavalier
19:58 Husbandry
20:08 Scale Barding Armor
21:03 Forging
24:22 Heavy Plow
27:12 Chain Barding Armor
27:28 Iron Casting
27:51 Gold Mining
29:02 Wheelbarrow
34:23 Hand Cart
39:21 Imperial Age
36:36 Town Watch
39:32 Paladin
41:08 Plate Barding Armor
41:34 Blast Furnace
44:30 Town Patrol
Wulture
11:29 Feudal Age
16:58 Castle Age
18:22 Loom
20:10 Fervor
20:58 Horse Collar
21:05 Double-Bit Axe
27:03 Wheelbarrow
29:36 Imperial Age
29:41 Chemistry
29:15 Forging
29:06 Scale Mail Armor
31:19 Caravan
32:03 Conscription
32:29 Bow Saw
34:51 Wagenburg Tactics
35:50 Elite Hussite Wagon
38:54 Fletching
39:05 Padded Archer Armor
42:08 Siege Engineers
48:13 Two-Man Saw
54:42 Hussite Reforms
驯龙骑士尹志平
10:25 Loom
12:39 Feudal Age
16:35 Castle Age
15:23 Horse Collar
15:29 Double-Bit Axe
18:07 Bow Saw
18:23 Heavy Plow
29:42 Imperial Age
27:49 Wheelbarrow
27:03 Town Watch
28:11 Town Patrol
29:34 Hand Cart
30:07 Forging
30:02 Scale Barding Armor
30:04 Szlachta Privileges
29:53 Gold Mining
29:56 Stone Mining
31:01 Crop Rotation
30:54 Conscription
31:40 Iron Casting
31:08 Cavalier
31:49 Husbandry
32:00 Bloodlines
33:04 Chain Barding Armor
33:48 Chemistry
32:29 Treadmill Crane
34:29 Blast Furnace
34:19 Ballistics
34:05 Siege Engineers
33:33 Light Cavalry
35:59 Fletching
36:09 Padded Archer Armor
36:11 Murder Holes
36:29 Fortified Wall
36:38 Bodkin Arrow
38:36 Masonry
39:30 Bracer
39:45 Leather Archer Armor
40:32 Crossbowman
41:17 Thumb Ring
40:36 Winged Hussar
41:39 Lechitic Legacy
45:17 Scale Mail Armor
44:49 Arbalester
47:45 Chain Mail Armor
49:09 Plate Mail Armor
51:19 Caravan
51:51 Coinage
58:08 Banking
ddubb69
6:25 Loom
11:54 Feudal Age
12:35 Double-Bit Axe
12:37 Fishing Lines
14:11 Wheelbarrow
19:26 Castle Age
17:19 Horse Collar
19:30 Gold Mining
19:30 Stone Mining
20:58 Bow Saw
20:54 Heavy Plow
21:09 Gillnets
21:30 Medium Warships
22:18 Hand Cart
23:46 Stone Shaft Mining
29:48 Murder Holes
30:14 Ballistics
29:35 Treadmill Crane
30:07 Fortified Wall
32:30 Imperial Age
36:28 Pikeman
37:09 Squires
46:04 Halberdier
55:24 Onager
The Daunting Knight
1:40 Loom
10:43 Feudal Age
11:16 Double-Bit Axe
12:02 Fishing Lines
15:24 Gold Mining
21:26 Castle Age
21:37 Stone Mining
22:04 Fletching
22:08 Gillnets
22:54 Bodkin Arrow
24:57 Ballistics
25:19 Gold Shaft Mining
25:38 Bow Saw
28:00 Imperial Age
29:55 Chemistry
29:09 Clinker Construction
29:09 Careening
29:12 Bracer
30:56 Two-Man Saw
31:52 Forging
31:42 Scale Mail Armor
33:57 Iron Casting
33:37 Chain Mail Armor
32:45 Pikeman
33:29 Squires
33:15 Arson
35:41 Murder Holes
35:38 Elite Cannon Galleon
39:16 Padded Archer Armor
40:16 Blast Furnace
39:46 Plate Mail Armor
38:41 Elite Longship
42:41 Medium Warships
44:08 Caravan
44:38 Coinage
45:27 Conscription
45:43 Hoardings
45:10 Bogsveigar
45:11 Chieftains
44:45 Man-at-Arms
45:10 Gambesons
47:07 Siege Engineers
46:43 Treadmill Crane
47:13 Masonry
47:30 Dry Dock
47:30 Carvel Hull
46:52 Treadmill Crane
Ike
11:25 Feudal Age
11:55 Double-Bit Axe
11:53 Horse Collar
19:22 Castle Age
20:30 Bow Saw
20:39 Heavy Plow
25:41 Gold Mining
30:43 Imperial Age
28:00 Loom
29:15 Ballistics
28:53 Fletching
29:04 Padded Archer Armor
29:11 Thumb Ring
32:39 Chemistry
31:21 Treadmill Crane
31:53 Fortified Wall
33:36 Leather Archer Armor
33:17 Bodkin Arrow
35:40 Caravan
36:51 Conscription
38:06 Wheelbarrow
38:37 Bracer
40:06 Silk Road
41:08 Bombard Tower
42:27 Light Cavalry
43:18 Bloodlines
43:15 Scale Barding Armor
43:21 Forging
45:58 Chain Barding Armor
46:14 Iron Casting
46:14 Ring Archer Armor
46:57 Elite Genoese Crossbowman
47:49 Hussar
53:40 Plate Barding Armor
KoryT
5:49 Loom
13:13 Feudal Age
14:27 Double-Bit Axe
20:37 Castle Age
19:29 Gold Mining
19:31 Stone Mining
19:24 Horse Collar
20:34 Bloodlines
20:32 Scale Barding Armor
21:41 Bow Saw
24:31 Husbandry
24:37 Heavy Plow
25:28 Wheelbarrow
28:55 Chain Barding Armor
29:09 Corvinian Army
31:44 Pikeman
32:35 Scale Mail Armor
35:37 Chain Mail Armor
35:14 Fletching
37:41 Hand Cart
37:14 Town Watch
40:50 Imperial Age
40:44 Bodkin Arrow
42:23 Conscription
41:27 Elite Magyar Huszar
42:48 Plate Barding Armor
44:21 Bracer
45:35 Chemistry
44:54 Cavalier
46:12 Halberdier
54:09 Ballistics
53:46 Murder Holes
Connection lost

Rejoining the realm…

Still unreachable

The connection could not be restored.

Session expired

The server has moved on; the page needs a fresh start.